Map: Equilibrium LE

Players

SubN

  • Race: Zerg Zerg
  • League: Diamond
  • Spawn Location: 11:00

Verve - Winner!

  • Race: Zerg Zerg
  • League: Diamond
  • Spawn Location: 1:00

VOD

Have the link to the VOD?

Description

Time

  • Played on: Dec. 20, 2023, 8:41 p.m.
  • Length: 3:23
Show
View Real Time Build Order
Export as new Build Order

SubN Zerg 

Build Orders: Hatch First 

Get SALT Encoding   

  12  0:00  Drone  
  13  0:13  Overlord  
  13  0:20  Drone  
  14  0:31  Drone x2  
  16  0:54  Hatchery  
  15  1:01  Drone x3  
  18  1:05  Extractor  
  17  1:19  Spawning Pool  
  17  1:22  Drone  
  17  1:31  Drone  
  18  1:33  Drone  
  19  1:44  Drone  
  20  1:56  Overlord  
  20  2:05  Queen  
  20  2:06  Queen  
  24  2:10  Drone  
  24  2:12  Drone  
  26  2:16  Drone  
  27  2:25  Drone  
  28  2:33  Overlord  
  29  2:37  Drone  
  29  2:46  Drone x2  
  29  2:51  Overlord  
  31  2:56  Overlord  
  31  3:01  Drone x2  
  33  3:08  Baneling Nest  
  33  3:10  Drone  
  38  3:21  Extractor  
Show
View Real Time Build Order
Export as new Build Order

Verve Zerg - Winner!

Build Orders: Hatch First 

Get SALT Encoding   

  12  0:01  Drone  
  13  0:08  Drone  
  13  0:12  Extractor  
  13  0:16  Drone  
  15  0:38  Hatchery  
  14  0:45  Extractor  
  13  0:55  Spawning Pool  
  12  0:59  Drone  
  12  1:03  Drone  
  14  1:13  Overlord  
  14  1:32  Drone x2  
  16  1:47  Zergling x4  
  16  1:51  Metabolic Boost  
  16  1:53  Queen  
  20  2:03  Queen  
  22  2:11  Zergling x4  
  22  2:15  Zergling x2  
  25  2:22  Zergling x2  
  26  2:23  Overlord  
  26  2:37  Zergling x4  
  28  2:45  Overlord  
  28  2:47  Zergling x4  
  30  2:55  Zergling x4  
Tags
 
Add a new tag
Caveats
  • Supply blocks, unpowered buildings, or Contaminate may cause inaccurate times.
  • Supply counts are checked every 10 seconds.